 Dungeon Crawl Stone Soup version 0.15.2 (webtiles) character file.

539 thisgroundistoosoft the Insei (level 7, -4/52 HPs)
             Began as a Mummy Monk on Nov 16, 2014.
             Killed from afar by an orc wizard (19 damage)
             ... with a puff of flame
             ... on Level 4 of the Dungeon.
             The game lasted 00:30:47 (12663 turns).

thisgroundistoosoft the Insei (Mummy Monk)         Turns: 12663, Time: 00:30:47

HP  -4/52        AC  0     Str 19      XL: 7   Next:  5%
MP   7/7         EV 14     Int  9      God:
Gold 296         SH  0     Dex 16      Spells:  0 memorised,  6 levels left

rFire  x . .     SeeInvis .       - Unarmed
rCold  + . .     Clarity  .     (no armour)
rNeg   + + +     rCorr    .     (no shield)
rPois  +         rRot     +     (no helmet)
rElec  .         Spirit   .     (no cloak)
SustAb .         Warding  .     (no gloves)
rMut   .         Stasis   .     (no boots)
Gourm  .                        d - amulet of rage
MR     .....                    (no ring)
                                g - +5 ring of strength

@: not resistant to hostile enchantments, unstealthy
A: no food or potions, fire vulnerability, restore body, cold resistance 1,
negative energy resistance 3, poison resistance, torment resistance, unbreathing
a: no special abilities


You were on level 4 of the Dungeon.
You were not hungry.

You visited 1 branch of the dungeon, and saw 5 of its levels.

You collected 296 gold pieces.


Innate Abilities, Weirdness & Mutations

You do not eat or drink.
Your flesh is vulnerable to fire.
Your flesh is cold resistant.
You are immune to negative energy.
Your system is resistant to poisons.
You are immune to unholy pain and torment.
You can survive without breathing.


   Skills:
 - Level 3.0 Fighting
 - Level 3.4 Dodging
 - Level 1.5 Stealth
 + Level 6.6 Unarmed Combat


You had 6 spell levels left.
You didn't know any spells.

Inventory:

Hand weapons
 m - the +11 short sword of Kiodghesm {drain, rC+ Str+3, unknown}
   (You found it on level 5 of the Dungeon)

   A truly terrible weapon, it drains the life of those it strikes.
   It affects your strength (+3).
   It protects you from cold.
Comestibles
 f - 2 fruits
 h - 3 bread rations
 l - a royal jelly
 p - a slice of pizza (quivered)
Scrolls
 a - 2 scrolls of remove curse
 b - 3 scrolls of random uselessness
 c - a scroll of recharging
 e - 4 scrolls of immolation {!r}
 i - 2 scrolls of teleportation
 j - a scroll of noise {!r}
 k - a scroll of magic mapping
 n - a scroll of enchant weapon
 o - a scroll of holy word {!r}
 q - a scroll of identify
Jewellery
 d - an amulet of rage (around neck)
 g - a +5 ring of strength (left hand)

Dungeon Overview and Level Annotations

Branches:
Dungeon (5/15)
 Temple: D:4-7

Altars:
Dithmenos
Makhleb
Trog

Annotations:
D:2 Pikel
D:4 bullock's ghost, average GrWz
D:5 exclusions: 2 doors and 2 more exclusions, Sigmund

#........##o##?.##..###..
#.......###.##...........
####.#..[.#o###.#.....#..
#...o#)#.###.#.....###
###..#.o...#.'.....# #
########..###.#.###.....#
#.....##..#<#.#.# #.....#
#.###.##..#'#.#.# #.....###
#.# #.....@...#.# #........
#.# ####(.....#.# ########.
#.# #.......!.#.##########.
#.# #.#.........#.....##...
#.# #.#.....)####.....##.#.
#.# #.#......##.#.../.##.#.
#.###.#.........#.....##.#.
#.....##.....##.#.....##.#.
###...........#.#......#.#.


You could see an orc wizard.


Message History

r - Retreat! s - Stop attacking. w - Wait here. f - Follow me.
Anything else - Stay silent.
You shout for attention!
The orc shouts!
The orc wizard shouts!
The orc wizard's eyes start to glow.
You swing at nothing.
You hit the orc.
The orc is moderately wounded.
The orc misses you.
You hit the orc but do no damage.
The orc is moderately wounded.
You swing at nothing.
The orc hits you with a flail.
You hit the orc.
The orc is severely wounded.
You hit the orc.
You kill the orc!
The orc wizard's eyes start to glow.
You swing at nothing.
The orc wizard points at you and mumbles some strange words.
The puff of flame hits you! The fire burns you terribly!
The orc wizard gestures at you while chanting.
The puff of flame hits you! The fire burns you terribly!
* * * LOW HITPOINT WARNING * * *
You see here an animal skin.
The orc wizard mumbles some strange words.
The orc wizard seems to speed up.
The orc wizard casts a spell at you. The puff of flame hits you!
The fire burns you terribly!
You die...

Action                   |  1- 3 |  4- 6 |  7- 9 || total
-------------------------+-------+-------+-------++-------
Melee: Unarmed           |   121 |   461 |   102 ||   684
  Use: Scroll            |       |     9 |     2 ||    11
 Stab: Sleeping          |     1 |       |       ||     1

Vault maps used:
D:1:      lemuel_arrival_cross, serial_glass, glass_columns_b, glass_columns_b
D:2:      overflow_temple_1_default, uniq_jessica
D:3:      trog_eyes_of_draining, uniq_iyjb, uniq_natasha
D:4:      kennysheep_mini, item_on_display_a, uniq_pikel
D:5:      lemuel_castle_with_subvaults, lemuel_round_altar, first_bread,
          uniq_sigmund

Notes
Turn   | Place    | Note
--------------------------------------------------------------
     0 | D:1      | thisgroundistoosoft, the Mummy Monk, began the quest for the Orb.
     0 | D:1      | Reached XP level 1. HP: 18/18 MP: 1/1
   580 | D:1      | Reached XP level 2. HP: 16/24 MP: 2/2
  1297 | D:1      | Reached skill level 4 in Unarmed Combat
  1395 | D:2      | Noticed Jessica
  1693 | D:2      | Reached XP level 3. HP: 24/29 MP: 3/3
  2044 | D:2      | Killed Jessica
  2132 | D:2      | Found a burning altar of Makhleb.
  2366 | D:2      | Reached XP level 4. HP: 31/35 MP: 4/4
  3272 | D:2      | Reached skill level 5 in Unarmed Combat
  4028 | D:3      | Noticed Ijyb
  4162 | D:3      | Killed Ijyb
  4162 | D:3      | Reached XP level 5. HP: 28/41 MP: 5/5
  4821 | D:3      | Noticed Natasha
  4960 | D:2      | Killed Natasha
  5350 | D:2      | Noticed Natasha
  5915 | D:3      | Reached skill level 6 in Unarmed Combat
  6170 | D:3      | Found a bloodstained altar of Trog.
  6319 | D:3      | Reached XP level 6. HP: 45/47 MP: 6/6
  6343 | D:3      | Reached skill level 3 in Dodging
  6834 | D:4      | Noticed Pikel
  7066 | D:4      | Found a shadowy altar of Dithmenos.
  7078 | D:4      | Noticed bullock's ghost (average GrWz)
  8454 | D:5      | Entered Level 5 of the Dungeon
  8476 | D:5      | Noticed Sigmund
  8955 | D:2      | Killed Natasha
  9025 | D:2      | Noticed Natasha
  9350 | D:2      | Killed Natasha
 10186 | D:3      | HP: 4/47 [bat (1)]
 11413 | D:5      | Reached XP level 7. HP: 52/52 MP: 7/7
 11592 | D:5      | Got an iridescent short sword
 12663 | D:4      | Killed from afar by an orc wizard

Vanquished Creatures
  3 slaves
  2 eyes of draining (D:3)
  An orc priest (D:3)
  Natasha (thrice) (D:2)
  A worker ant (D:4)
  Ijyb (D:3)
  Jessica (D:2)
  5 gnolls
  10 adders
  2 giant mites
  4 worms
  An orc zombie (D:5)
  5 giant geckos
  11 orcs
  A ball python (D:2)
  10 bats
  3 giant cockroaches
  15 hobgoblins
  11 jackals
  6 giant newts
  15 goblins
  9 kobolds
  3 quokkas
  15 rats
138 creatures vanquished.
